 Dungeon Sprint DCSS version 0.30-a0-51-g784eafce7f (webtiles) character file.

Game seed: 17659274334339390116

246 Ankalagon the Sneak (level 5, -11/45 HPs)
             Began as a Demigod Wanderer on Sept 5, 2022.
             Mangled by a neqoxec (14 damage)
             ... in the Dungeon (Sprint II: "The Violet Keep of Menkaure").
             The game lasted 00:00:45 (53 turns).

Ankalagon the Sneak (Demigod Wanderer)                Turns: 53, Time: 00:00:46

Health: -11/45     AC:  1    Str: 14      XL:     5   Next: 54%
Magic:  7/7        EV: 10    Int: 10 (11) God:
Gold:   0          SH:  8    Dex: 17      Spells: 4/4 levels left

rFire   . . .      SeeInvis .    a - +0 dagger
rCold   . . .      Faith    .    e - +2 buckler
rNeg    . . .      Spirit   .    d - +0 leather armour
rPois   .          Reflect  .    (no helmet)
rElec   .          Harm     .    (no cloak)
rCorr   .          Rampage  .    (no gloves)
Will    .....      NoTele   +    (no boots)
Stlth   +++++.....               (no amulet)
HPRegen 0.15/turn                (no ring)
MPRegen 0.10/turn                (no ring)

@: on berserk cooldown
A: high MP 1, forlorn, divine attributes, camouflage 1, clumsy 1, deformed body
a: no special abilities


You were in the Dungeon.
You visited 1 branch

Inventory:

Hand Weapons
 a - a +0 dagger (weapon)
Armour
 d - a +0 leather armour (worn)
 e - a +2 buckler (worn)
Scrolls
 k - a scroll of blinking
Potions
 b - a potion of lignification
 c - a potion of brilliance
 f - a potion of curing
 g - a potion of heal wounds
 h - a potion of haste
 i - 2 potions of magic


   Skills:
 - Level 3.6 Fighting
 + Level 7.3 Short Blades
 - Level 1.7 Armour
 + Level 7.6 Stealth
 - Level 5.0 Shields
 - Level 1.0 Evocations


You had 4 spell levels left.
You didn't know any spells.
Your spell library was empty.

Dungeon Overview and Level Annotations

Branches:
Dungeon (1/1)


Innate Abilities, Weirdness & Mutations

You have an increased reservoir of magic. (+10% MP)
You shall have no god before yourself.
Your divine heritage dramatically boosts your attributes as you level up.
Your skin changes colour to match your surroundings (Stealth+).
You are clumsy. (Dex -2)
Armour fits poorly on your strangely shaped body.


Message History

You hit the neqoxec.
The neqoxec is lightly wounded.
You block the neqoxec's attack.
You hit the neqoxec.
The neqoxec is moderately wounded.
You block the neqoxec's attack.
You hit the neqoxec but do no damage.
The neqoxec is moderately wounded.
The neqoxec hits you but does no damage.
You hit the neqoxec but do no damage.
The neqoxec is moderately wounded.
You feel yourself speed up.
The neqoxec hits you but does no damage.
You hit the neqoxec.
The neqoxec is moderately wounded.
You hit the neqoxec.
The neqoxec is moderately wounded.
The neqoxec hits you!
* * * LOW HITPOINT WARNING * * *
You closely miss the neqoxec.
The neqoxec is moderately wounded.
The neqoxec gestures at you.
You feel dopey. Something feeds on your intellect!
You hit the neqoxec but do no damage.
The neqoxec is moderately wounded.
You hit the neqoxec.
The neqoxec is moderately wounded.
The neqoxec closely misses you.
You hit the neqoxec.
The neqoxec is moderately wounded.
The neqoxec gestures at you.
Strange energies course through your body.
Your body twists and deforms.
You hit the neqoxec.
The neqoxec is heavily wounded.
You completely miss the neqoxec.
The neqoxec is heavily wounded.
The neqoxec hits you!
You die...

§§≈#
SS§#
'§'
3.~
#'##
##.$.#
#.##
##3##
##@#
##.##
+.<.+
##.##
#+#


You could see a neqoxec.

Vanquished Creatures
  2 neqoxecs (D)
2 creatures vanquished.

Notes
Turn   | Place    | Note
-------+----------+-------------------------------------------
     0 | D        | Ankalagon the Demigod Wanderer began the quest for the Orb.
     0 | D        | Ankalagon set off with the following items: a +0 dagger, a
                  | potion of lignification, a potion of brilliance, a +0
                  | leather armour, a +2 buckler, a potion of curing, a potion
                  | of heal wounds, a potion of haste, 2 potions of magic, a
                  | potion of berserk rage, a scroll of blinking.
     0 | D        | Reached XP level 1. HP: 19/19 MP: 3/3
     1 | D        | Noticed a neqoxec
     1 | D        | Gained mutation: Your skin changes colour to match your
                  | surroundings (Stealth+). [a neqoxec]
    12 | D        | Noticed a neqoxec
    16 | D        | Killed a neqoxec
    17 | D        | Reached skill level 5 in Short Blades
    17 | D        | Reached skill level 5 in Stealth
    17 | D        | Reached skill level 5 in Shields
    17 | D        | Reached XP level 2. HP: 23/26 MP: 4/4
    17 | D        | Reached XP level 3. HP: 27/31 MP: 5/5
    17 | D        | Reached XP level 4. HP: 34/39 MP: 6/6
    24 | D        | Killed a neqoxec
    25 | D        | Reached XP level 5. HP: 36/45 MP: 7/7
    26 | D        | Noticed a neqoxec
    30 | D        | Gained mutation: You are clumsy. (Dex -2) [a neqoxec]
    51 | D        | Gained mutation: Armour fits poorly on your strangely
                  | shaped body. [a neqoxec]
    53 | D        | Mangled by a neqoxec

Illustrated notes

Levels and vault maps discovered:
D:        the_violet_keep_of_menkaure [sprint2_stairs_cluster_1,
          sprint2_shoproom, sprint2_temple, sprint2_basic_supplies,
          sprint2_obstacle_2, sprint2_obstacle_3, sprint2_obstacle_7,
          sprint2_obstacle_1, sprint2_obstacle_6, sprint2_timed_cluster_1,
          sprint2_smallroom_cluster_1, sprint2_smallroom_final_cluster_1,
          sprint2_transparent_cluster_1, sprint2_second_timed_cluster_1,
          sprint2_sniper_area_1, sprint2_heavy_combat_area_1,
          sprint2_mutation_trap_area_1, sprint2_forest_area_1,
          sprint2_light_combat_area_1, sprint2_behind_water_1,
          sprint2_near_end_vault_1]

Skill      XL: |  1  2  3  4 |
---------------+-------------+-----
Short Blades   | 5 7 |  7.3
Stealth        | 5 7 |  7.6
Shields        | 5 |  5.0
Fighting       | |  3.6
Armour         | |  1.7
Evocations     | |  1.0

Action                   |  1- 3 |  4- 6 || total
-------------------------+-------+-------++-------
Melee: Dagger            |    13 |    31 ||    44
  Use: Potion            |     1 |       ||     1
Armor: Leather armour    |       |     4 ||     4
Dodge: Dodged            |       |     6 ||     6
Block: Buckler           |     2 |     5 ||     7

Table legend: (Time is in decaauts)
 A = Elapsed time spent in this place.
 B = Non-inter-level travel time spent in this place.
 C = Inter-level travel time spent in this place.
 D = Time resting spent in this place.
 E = Time spent auto-exploring this place.
 F = Levels seen in this place.
 G = Mean time per level.
                   A        B        C        D        E       F      G
               +--------+--------+--------+--------+--------+-----+--------+
         Total |     44 |     44 |      0 |      0 |      0 |   1 |   44.0 |
       Dungeon |     44 |     44 |      0 |      0 |      0 |   1 |   44.0 |
               +--------+--------+--------+--------+--------+-----+--------+

Top non-repeatable levels by time:
       D: 44 daAuts
